 Dungeon Crawl Stone Soup version 0.30-a0-509-gd016549fea (webtiles) character file.

Game seed: 11244642236286270939

271 xzight the Magician (level 6, -5/45 HPs)
             Began as a Djinni Fire Elementalist on Dec 22, 2022.
             Slain by Duvessa
             ... wielding a +0 short sword
              (8 damage)
             ... on level 4 of the Dungeon.
             The game lasted 00:04:09 (2399 turns).

xzight the Magician (Djinni Fire Elementalist)      Turns: 2399, Time: 00:04:10

Health: -5/45      AC:  4    Str:  7    XL:     6   Next: 47%
Gold:   117        EV: 13    Int: 19    God:
                   SH:  0    Dex: 13

rFire   + + .      SeeInvis .    (no weapon)
rCold   x . .      Faith    .    (no shield)
rNeg    . . .      Spirit   .    a - +0 robe
rPois   ∞          Reflect  .    (no helmet)
rElec   .          Harm     .    (no cloak)
rCorr   .          Rampage  .    n - +1 Delatra's gloves {ID++}
Will    .....                    (boots unavailable)
Stlth   ++........               (no amulet)
HPRegen 0.27/turn                (no ring)
MPRegen 0.00/turn                (no ring)

@: flying
A: sickness immunity, fire resistance 2, cold vulnerability 1, float, innate
caster, HP casting, extra vitality 1
a: no special abilities


You were on level 4 of the Dungeon.
You visited 1 branch of the dungeon, and saw 4 of its levels.

You collected 117 gold pieces.


Innate Abilities, Weirdness & Mutations

You are immune to sickness and miasma.
You are immune to poison.
Your flesh is very heat resistant. (rF++)
You are vulnerable to cold. (rC-)
You float through the air rather than walking.
You learn spells naturally, not from books.
Your magical power is your life essence.
You have superior vitality. (+4 MHP)


   Skills:
 + Level 2.7 Fighting
 + Level 3.9 Dodging
 - Level 1.5 Stealth
 * Level 4.0 Spellcasting


You couldn't memorise any spells.
You knew the following spells:

 Your Spells              Type           Power      Damage    Failure   Level
a - Foxfire               Conj/Fire      76%        2x1d7     2%          1
b - Scorch                Fire           38%        2d6       3%          2
c - Kindle Blastsparks    Fire/Tloc/Air  38%        2d13      8%          3
d - Inner Flame           Hex/Fire       19%        N/A       8%          3
e - Flame Wave            Conj/Fire      19%        2d7       26%         4
f - Shock                 Conj/Air       76%        1d7       2%          1
g - Momentum Strike       Conj/Tloc      38%        3d9       3%          2
Your spell library was empty.

Inventory:

Armour
 a - a +0 robe (worn)
 e - a +0 pair of gloves
 n - the +1 Delatra's gloves (worn) {ID++}
   (You found it on level 3 of the Dungeon)

   It heals its wearer when they drink unknown potions.
   It restores its wearer's MP when they read unknown scrolls.
Scrolls
 d - 3 scrolls of vulnerability {unknown}
 f - a scroll of poison {unknown}
 g - 2 scrolls of fear {unknown}
 i - 2 scrolls of identify {unknown}
 j - a scroll of fog {unknown}
Potions
 b - 3 potions of curing {unknown}
 c - a potion of might {unknown}
 h - 2 potions of brilliance {unknown}
 k - a potion of degeneration {unknown}
 l - a potion of heal wounds {unknown}
 m - a potion of mutation {unknown}
 o - a potion of attraction {unknown}

Dungeon Overview and Level Annotations

Branches:
Dungeon (4/15)
 Temple: D:4-7

Altars:
Wu Jian

Shops:
D:2 [

Annotations:
D:4 Dowan, Duvessa

# ..$.... ......#
.....)# # ......# ##
. ...#..# ##.
...#### ..##..# ##..
#...=.####.# #..#
##... #ee@..####..#
##...#
#####.......###....#
#####...##....##
###......## ##....##
##...# ##.## #.# ##.


You could see Duvessa (combustible) and Dowan.


Message History

Duvessa says, "When magic and the sword combine, nothing stands against them."
Duvessa hits you with a +0 short sword.
* * * LOW HITPOINT WARNING * * *
Dowan hits you with a +1 dagger of draining.
* * * LOW HITPOINT WARNING * * *
Casting: Scorch (safe; 3% risk of failure)
Confirm with . or Enter, or press ? or * to list all spells.
Flames lash Duvessa.
Duvessa is burned terribly!
Duvessa is severely wounded.
* * * LOW HITPOINT WARNING * * *
Duvessa hits you with a +0 short sword.
* * * LOW HITPOINT WARNING * * *
Dowan points at you and mumbles some strange words.
The puff of flame hits you. You resist.
* * * LOW HITPOINT WARNING * * *
Duvessa hits you with a +0 short sword.
* * * LOW HITPOINT WARNING * * *
Dowan misses you. Dowan attacks as you move away!
Dowan hits you with a +1 dagger of draining.
* * * LOW HITPOINT WARNING * * *
Dowan is no longer more vulnerable to fire.
Casting: Scorch (safe; 3% risk of failure)
Confirm with . or Enter, or press ? or * to list all spells.
Flames lash Duvessa but do no damage.
* * * LOW HITPOINT WARNING * * *
Duvessa hits you with a +0 short sword.
* * * LOW HITPOINT WARNING * * *
Duvessa hits you with a +0 short sword!
You die...

Skill      XL: |  1  2  3  4  5  6 |
---------------+-------------------+-----
Fighting       | 1 2 |  2.7
Dodging        | 3 |  3.9
Spellcasting   | 3 4 |  4.0
Stealth        | |  1.5

Action                   |  1- 3 |  4- 6 || total
-------------------------+-------+-------++-------
Melee: Unarmed           |       |     2 ||     2
 Cast: Foxfire           |    57 |    65 ||   122
       Scorch            |     3 |    19 ||    22
Armor: Robe              |     3 |     2 ||     5
Dodge: Dodged            |     9 |    24 ||    33

Levels and vault maps discovered:
D:1:      reono_arrival_mine, layout_loops_ring,
          shapermc_ecumenical_altar_mp_ritualfount
D:2:      layout_rooms, basic_altar, serial_shops, nicolae_shop_statue_plus,
          minivault_11, uniq_sigmund
D:3:      layout_loops_ring, pf_guarded_unrand_delatra
D:4:      layout_cave_pods, mainiacjoe_overflow_small_starburst,
          nicolae_hepliaklqana_monster_ancestors,
          nicolae_overflow_hidden_temple, gammafunk_temple_overflow_statue,
          serial_shops, kennysheep_mini_moat, chequers_serial_rivers_small_b,
          uniq_duvessa

Notes
Turn   | Place    | Note
-------+----------+-------------------------------------------
     0 | D:1      | xzight the Djinni Fire Elementalist began the quest for the
                  | Orb.
     0 | D:1      | xzight set off with the following spells memorised:
                  | Foxfire, Scorch, Kindle Blastsparks, Inner Flame, Flame
                  | Wave.
     0 | D:1      | Reached XP level 1. HP: 15/15 MP: 0/0
   102 | D:1      | Found a faded altar of an unknown god.
   382 | D:1      | Reached XP level 2. HP: 21/22 MP: 0/0
   681 | D:2      | Found an ornate altar of the Wu Jian Council.
   738 | D:2      | Reached skill level 1 in Fighting
   738 | D:2      | Reached XP level 3. HP: 10/27 MP: 0/0
   738 | D:2      | Learned a level 1 spell: Shock
   844 | D:2      | Identified the +2 leather armour of the Barnacle {rPois rN+
                  | Int-4}
   997 | D:2      | Noticed Sigmund
  1008 | D:2      | Killed Sigmund
  1009 | D:2      | Reached skill level 2 in Fighting
  1009 | D:2      | Reached skill level 3 in Dodging
  1009 | D:2      | Reached skill level 3 in Spellcasting
  1009 | D:2      | Reached XP level 4. HP: 9/34 MP: 0/0
  1009 | D:2      | Reached XP level 5. HP: 11/39 MP: 0/0
  1009 | D:2      | Learned a level 2 spell: Momentum Strike
  1009 | D:2      | Reached XP level 6. HP: 12/44 MP: 0/0
  1277 | D:2      | Found Uquntiwu's Armour Shop.
  1638 | D:3      | Identified the +8 sling of the Foot {flame, rElec}
  2057 | D:3      | Reached skill level 4 in Spellcasting
  2172 | D:3      | Found the +1 Delatra's gloves {ID++}
  2382 | D:4      | Noticed Duvessa
  2383 | D:4      | Noticed Dowan
  2398 | D:4      | HP: 3/45 [Duvessa/+0 short sword (4)]
  2399 | D:4      | Slain by Duvessa

Vanquished Creatures
  Sigmund (D:2)
  An orc wizard (D:3)
  2 adders (D:3)
  3 worms
  2 dart slugs (D:1)
  5 orcs
  2 endoplasms (D:3)
  A giant cockroach (D:2)
  3 goblins
  6 hobgoblins
  4 jackals (D:3)
  3 kobolds (D:2)
  2 quokkas
  3 ball pythons (D:2)
  4 bats
  2 frilled lizards
  3 rats
47 creatures vanquished.

Vanquished Creatures (others)
  184 foxfires
184 creatures vanquished.

Grand Total: 231 creatures vanquished

Table legend: (Time is in decaauts)
 A = Elapsed time spent in this place.
 B = Non-inter-level travel time spent in this place.
 C = Inter-level travel time spent in this place.
 D = Time resting spent in this place.
 E = Time spent auto-exploring this place.
 F = Levels seen in this place.
 G = Mean time per level.
                   A        B        C        D        E       F      G
               +--------+--------+--------+--------+--------+-----+--------+
         Total |   2398 |   2338 |     60 |    259 |   1640 |   4 |  599.5 |
       Dungeon |   2398 |   2338 |     60 |    259 |   1640 |   4 |  599.5 |
               +--------+--------+--------+--------+--------+-----+--------+

Top non-repeatable levels by time:
     D:3: 978 daAuts
     D:2: 697 daAuts
     D:1: 653 daAuts
     D:4: 68 daAuts

Table legend:
 A = Non-vault XP
 B = Vault XP
 C = Vault XP percentage of total XP
 D = Non-vault monster count
 E = Vault monster count
 F = Vault count percentage of total count
                 A         B        C        D         E       F
            +---------+---------+-------+---------+---------+-------
      Total |     110 |     278 |  71.6 |      41 |       6 |  12.8
            +---------+---------+-------+---------+---------+-------
        D:1 |      16 |       0 |   0.0 |       7 |       0 |   0.0
        D:2 |      36 |     231 |  86.5 |      18 |       1 |   5.3
        D:3 |      53 |      47 |  47.0 |      15 |       5 |  25.0
        D:4 |       5 |       0 |   0.0 |       1 |       0 |   0.0
            +---------+---------+-------+---------+---------+-------
